 Dungeon Crawl Stone Soup version 0.32-a0-675-gdc239d62e1 (console) character file.

Game seed: 8510999394271125256

9 jejorda2 the Trooper (level 2, -2/36 HPs)
             Began as a Coglin Berserker on Mar 11, 2024.
             Was a Follower of Trog.
             Slain by a gnoll
             ... wielding a +0 spear
              (8 damage)
             ... on level 1 of the Dungeon.
             The game lasted 00:00:36 (205 turns).

jejorda2 the Trooper (Coglin Berserker)              Turns: 205, Time: 00:00:37

Health: -2/36      AC:  2    Str: 17    XL:     2   Next: 12%
Magic:  2/2        EV: 12    Int:  6    God:    Trog [*.....]
Gold:   8          SH:  0    Dex: 13    Spells: 1/1 levels left

rFire   . . .        a - +0 spear {Jasleen}
rCold   . . .        c - +0 dagger {Msizi}
rNeg    . . .        b - +0 animal skin
rPois   .            (no helmet)
rElec   .            (no cloak)
rCorr   .            (no gloves)
SInv    .            (no boots)
Will    .....        (amulet unavailable) Stlth
                     (ring unavailable)
HPRegen 0.26/turn    (ring unavailable)
MPRegen 0.08/turn    (no gizmo)

%: no passive effects
@: berserking, revved, very quick
A: off-hand wielding, slow wielding, warmup strikes, no jewellery
a: Invent Gizmo, Renounce Religion, Berserk


You were on level 1 of the Dungeon.
You worshipped Trog.
Trog was aware of your devotion.
You visited 1 branch of the dungeon, and saw 1 of its levels.

You collected 8 gold pieces.

Inventory:

Hand Weapons
 a - a +0 spear (weapon) {Jasleen}
 c - a +0 dagger (offhand) {Msizi}
Armour
 b - a +0 animal skin (worn)
Scrolls
 d - a scroll of teleportation {unknown}
 e - a scroll of enchant weapon {unknown}
 g - a scroll of fear {unknown}
Potions
 f - 2 potions of mutation {unknown}


   Skills:
 + Level 3.2 Fighting
 * Level 3.1 Polearms
 - Level 1.7 Armour
 - Level 1.7 Dodging


You had one spell level left.
You didn't know any spells.
Your spell library was empty.

Dungeon Overview and Level Annotations

Branches:
Dungeon (1/15)

Altars:


Innate Abilities, Weirdness & Mutations

You can wield a second weapon in your off-hand.
It takes a long time for you to wield or remove held weapons.
Your first few attacks do less damage.
You cannot equip rings or amulets.


Message History

You feel yourself moving faster!
You feel mighty!
A hobgoblin comes into view.
The gnoll closely misses you. The goblin hits you with a +0 dagger.
Reach: a) +0 spear {Jasleen}
Press: ? - help, Dir - move target, f/p - gnoll
Aim: a gnoll, wielding a +0 spear (lightly wounded, about 35% to evade your +0 spear)
You reach to attack!
You hit the gnoll with your +0 spear.
The gnoll is heavily wounded.
The goblin hits you with a +0 dagger.
The gnoll hits you from afar with a +0 spear.
* * * LOW HITPOINT WARNING * * *
Unknown command.
Unknown command.
Reach: a) +0 spear {Jasleen}
Press: ? - help, Dir - move target, f/p - gnoll
Aim: a gnoll, wielding a +0 spear (heavily wounded, about 35% to evade your +0 spear)
You reach to attack!
You completely miss the gnoll with your +0 spear.
Unknown command.
Unknown command.
Reach: a) +0 spear {Jasleen}
Press: ? - help, Dir - move target, f/p - gnoll
Aim: a gnoll, wielding a +0 spear (heavily wounded, about 35% to evade your +0 spear)
The goblin is in the way.
You puncture the goblin with your +0 spear!
You kill the goblin!
Trog accepts your kill.
The gnoll hits you from afar with a +0 spear.
* * * LOW HITPOINT WARNING * * *
Unknown command.
Reach: a) +0 spear {Jasleen}
Press: ? - help, Dir - move target, f/p - gnoll
Aim: a gnoll, wielding a +0 spear (heavily wounded, about 35% to evade your +0 spear)
The bat is in the way.
You puncture the bat with your +0 spear!
You feel the power of Trog in you as your rage grows.
You kill the bat!
Trog accepts your kill.
The gnoll hits you from afar with a +0 spear!
You die...

#........# #........# .
#........# ### ..
#...)....# #.. ...
####...#########.. ....
+................. .....
####...###########
...!.g####.†.###########
......g@................
......##################
..... # .... # ...
######## .[ #....... .
#....... #.......
#######.


You could see a gnoll and a hobgoblin.

Vanquished Creatures
  An endoplasm (D:1)
  4 goblins (D:1)
  A hobgoblin (D:1)
  A bat (D:1)
  A frilled lizard (D:1)
  2 rats (D:1)
10 creatures vanquished.

Notes
Turn   | Place    | Note
-------+----------+-------------------------------------------
     0 | D:1      | jejorda2 the Coglin Berserker began the quest for the Orb.
     0 | D:1      | Reached XP level 1. HP: 18/18 MP: 1/1
   184 | D:1      | Reached XP level 2. HP: 24/24 MP: 2/2
   205 | D:1      | Slain by a gnoll

Illustrated notes

Levels and vault maps discovered:
D:1:      matt_arrival_diagonals, layout_basic

Skill      XL: |  1 |
---------------+----+-----
Polearms       | 3 |  3.1
Fighting       | |  3.2
Armour         | |  1.7
Dodging        | |  1.7

Action                     || total
---------------------------++-------
  Melee: Spear             ||    21
         Dagger            ||    13
 Invoke: Berserk           ||     1
 Armour: Animal skin       ||    14
  Dodge: Dodged            ||     5

Table legend: (Time is in decaauts)
 A = Elapsed time spent in this place.
 B = Non-inter-level travel time spent in this place.
 C = Inter-level travel time spent in this place.
 D = Time resting spent in this place.
 E = Time spent auto-exploring this place.
 F = Levels seen in this place.
 G = Mean time per level.
                   A        B        C        D        E       F      G
               +--------+--------+--------+--------+--------+-----+--------+
         Total |    203 |    203 |      0 |      0 |    150 |   1 |  203.0 |
       Dungeon |    203 |    203 |      0 |      0 |    150 |   1 |  203.0 |
               +--------+--------+--------+--------+--------+-----+--------+

Top non-repeatable levels by time:
     D:1: 203 daAuts
